 Dungeon Crawl Stone Soup version 0.29-a0-380-gf50f0a9fbc (webtiles) character file.

Game seed: 9736527914825441056

30185 Antichthon the Basher (level 13, -14/82 HPs)
             Began as a Gargoyle Fighter on May 6, 2022.
             Was an Elder of the Shining One.
             Splashed with acid (21 damage)
             ... on level 5 of the Lair of Beasts.
             The game lasted 00:32:27 (15931 turns).

Antichthon the Basher (Gargoyle Fighter)           Turns: 15931, Time: 00:32:29

Health: -14/82     AC: 36    Str: 18    XL:     13   Next: 50%
Magic:  18/18      EV:  7    Int: 14    God:    the Shining One [****..]
Gold:   2144       SH:  5    Dex:  9    Spells: 12/12 levels left

rFire   . . .      SeeInvis .   a - +0 morningstar
rCold   . . .      Faith    .   A - +0 buckler "Tuyvelink" {+Blink Str-2 Slay+6}
rNeg    + + +      Spirit   .   M - +0 plate armour
rPois   ∞          Reflect  .   r - +2 hat
rElec   +          Harm     .   f - +0 cloak
rCorr   .          Rampage  .   e - +1 pair of gloves
Will    .....                   q - +1 pair of boots
Stlth   ..........              l - amulet of regeneration
HPRegen 1.03/turn               b - +4 ring of protection
MPRegen 0.16/turn               I - ring of flight

@: flying, glowing
A: sickness immunity, AC +9, negative energy resistance 1, electricity
resistance, torment resistance 1, petrification resistance
a: Renounce Religion, Evoke Blink, Divine Shield, Cleansing Flame


You were on level 5 of the Lair of Beasts.
You worshipped the Shining One.
The Shining One was greatly pleased with you.
You visited 3 branches of the dungeon, and saw 17 of its levels.

You collected 2209 gold pieces.
You spent 65 gold pieces at shops.

Inventory:

Hand Weapons
 a - a +0 morningstar (weapon)
 y - a +0 demon whip of venom
Missiles
 h - 2 throwing nets (quivered)
Armour
 e - a +1 pair of gloves (worn)
 f - a +0 cloak (worn)
 q - a +1 pair of boots (worn)
 r - a +2 hat (worn)
 A - the +0 buckler "Tuyvelink" (worn) {+Blink Str-2 Slay+6}
   (You acquired it on level 6 of the Dungeon)

   Str:       It affects your strength (-2).
   Slay:      It affects your accuracy & damage with ranged weapons and melee
   (+6).
   +Blink:    It lets you blink.
 M - a +0 plate armour (worn)
Jewellery
 b - a +4 ring of protection (left hand)
 l - an amulet of regeneration (around neck)
 o - a ring of fire
 I - a ring of flight (right hand)
Wands
 p - a wand of acid (5)
 D - a wand of flame (22)
 E - a wand of polymorph (28)
 G - a wand of iceblast (14)
Scrolls
 i - 4 scrolls of enchant weapon
 j - a scroll of fear
 k - 5 scrolls of amnesia
 m - a scroll of teleportation
 n - 2 scrolls of fog
 u - a scroll of poison
 v - 5 scrolls of magic mapping
 F - 2 scrolls of enchant armour
 J - 3 scrolls of immolation {unknown}
Potions
 c - a potion of cancellation
 d - 3 potions of might
 g - 2 potions of mutation {unknown}
 s - a potion of haste {unknown}
 t - 2 potions of berserk rage
 w - 3 potions of brilliance
 x - 5 potions of lignification
 z - 2 potions of invisibility
 B - 3 potions of attraction
 C - a potion of experience {unknown}
 H - a potion of magic {unknown}


   Skills:
 * Level 10.0 Fighting
 * Level 13.6 Maces & Flails
 * Level 9.8 Armour
 * Level 5.6 Dodging
 * Level 9.1 Shields
 * Level 7.8 Invocations
 * Level 5.5 Evocations


You had 12 spell levels left.
You didn't know any spells.
Your spell library contained the following spells:

 Spells                   Type           Power      Damage    Failure   Level
 Foxfire                  Conj/Fire      0%         2x1d4     100%        1
 Sandblast                Erth           0%         2d4       100%        1
 Shock                    Conj/Air       0%         1d3       100%        1
 Blink                    Tloc           0%         N/A       100%        2
 Passwall                 Tmut/Erth      0%         N/A       100%        2
 Wereblood                Tmut           0%         N/A       100%        2
 Conjure Flame            Conj/Fire      0%         6-21      100%        3
 Gell's Gravitas          Tloc           0%         N/A       100%        3
 Inner Flame              Hex/Fire       0%         N/A       100%        3
 Lesser Beckoning         Tloc           0%         N/A       100%        3
 Stone Arrow              Conj/Erth      0%         3d7       100%        3
 Swiftness                Air            0%         N/A       100%        3
 Teleport Other           Tloc           0%         N/A       100%        3
 Tukima's Dance           Hex            0%         N/A       100%        3
 Airstrike                Air            0%         N/A       100%        4
 Anguish                  Hex/Necr       0%         N/A       100%        4
 Flame Wave               Conj/Fire      0%         2d4       100%        4
 Passage of Golubria      Tloc           0%         N/A       100%        4
 Manifold Assault         Tloc           0%         N/A       100%        5
 Yara's Violent Unravell  Hex/Tmut       0%         3d3       100%        5
 Enfeeble                 Hex            0%         N/A       100%        7
 Summon Hydra             Summ           0%         N/A       100%        7
 Sublimation of Blood     Necr           Unusable   N/A       N/A         2

Dungeon Overview and Level Annotations

Branches:
Dungeon (10/15)            Temple (1/1) D:6            Lair (6/6) D:9
 Shoals (0/4) Lair:2       Spider (0/4) Lair:4        Slime (0/5) Lair:5
    Orc (0/2) D:10

Altars:
Ashenzari
Cheibriados
Dithmenos
Elyvilon
Fedhas
Gozag
Hepliaklqana
Kikubaaqudgha
Makhleb
Nemelex Xobeh
Okawaru
Qazlal
Ru
Sif Muna
Trog
Uskayaw
Vehumet
Wu Jian
Xom
Yredelemnul
Zin
The Shining One

Shops:
D:10 *

Annotations:
Lair:4 1 runed translucent door
Lair:5 exclusion: oklob plant
Lair:6 2 runed translucent doors


Innate Abilities, Weirdness & Mutations

You are immune to sickness and miasma.
Your stone body is resilient. (AC +9)
You are immune to poison.
You resist negative energy. (rN+)
You are resistant to electric shocks. (rElec)
You are resistant to unholy torment.
You are immune to petrification.


Message History

The lindwurm bites you but does no damage.
The lindwurm claws you but does no damage. x2
The death yak gores you but does no damage.
Okay, then.
You feel much better.
The lindwurm bites you but does no damage.
You block the lindwurm's attack. x2
Unknown command.
You puncture the lindwurm!
The lindwurm is moderately wounded.
The lindwurm bites you but does no damage.
The lindwurm claws you but does no damage. x2
The elephant closely misses you. You block the elephant's attack.
You hit the lindwurm but do no damage.
The lindwurm is moderately wounded.
The elephant tramples you.
You are shoved backwards!
Unknown command.
You hit the elephant.
The elephant is lightly wounded.
You are splashed with acid!!
The elephant barely misses you.
The elephant trunk-slaps you but does no damage.
You hit the elephant but do no damage.
The elephant is lightly wounded.
You are splashed with acid!!
* * * LOW HITPOINT WARNING * * *
You block the elephant's attack. x2
You sock the elephant!
The elephant is moderately wounded.
You are splashed with acid!!
* * * LOW HITPOINT WARNING * * *
You sock the elephant!
The elephant is heavily wounded.
You are splashed with acid!!
The Shining One protects you from harm!
The elephant tramples you but does no damage.
The elephant barely misses you.
You bludgeon the elephant!!
The elephant is almost dead.
You are splashed with acid!!
You die...

######## # ######......##
#.#.#........... ###
##.........#.).. #######.#
###........###.... ....##..#
##@#..>.P..####.... ........#
##Y##....######..... ........#
#.k##.## ###......#
........#######Y.# #.......##
.......#...#.#.>## ##.....###
.................## ##.....###
...P.PP.#.....#...####........##
....#.P###.#.#....##.##........##
......P##.###.........##.P......#


You could see a death yak, an elephant and a lindwurm.

Vanquished Creatures
  Harold (D:10)
  Josephine (D:10)
  A boulder beetle (Lair:6)
  6 death yaks
  Amaemon (Lair:2)
  A necromancer (Lair:3)
  An oklob plant (Lair:4)
  A manticore (D:10)
  2 elephants (Lair:5)
  Maurice (D:8)
  7 cane toads
  6 black mambas
  An orange demon (Lair:2)
  A gargoyle (D:9)
  A rime drake (Lair:4)
  5 komodo dragons
  A troll (D:5)
  A polar bear (Lair:4)
  3 blink frogs (Lair:5)
  8 dream sheep
  Sigmund (D:5)
  A shadow (D:9)
  5 wraiths (D:10)
  2 wyverns
  Eustachio (D:6)
  3 basilisks
  25 yaks
  Grum (D:10)
  Menkaure (D:6)
  3 redbacks (Lair:4)
  2 steam dragons
  Edmund (D:6)
  18 water moccasins
  5 black bears
  A hell hound (Lair:6)
  4 orc warriors
  19 wolves
  2 ogres (D:5)
  2 centaurs (D:9)
  A phantom (D:6)
  A kobold brigand (D:7)
  9 bullfrogs
  2 gnoll sergeants
  4 scorpions
  3 wights (D:7)
  7 killer bees
  An electric eel (Lair:4)
  A howler monkey (D:5)
  4 hounds
  Crazy Yiuf (D:6)
  2 jellies (D:5)
  5 orc priests
  6 iguanas
  6 orc wizards
  3 yak simulacra (Lair:3)
  4 polar bear simulacra (Lair:3)
  2 wolf simulacra (Lair:3)
  A mummy (D:3)
  12 gnolls
  6 adders
  2 shadow imps
  A white imp (D:6)
  An ufetubus (D:4)
  4 worms
  3 dart slugs
  27 orcs
  11 ball pythons
  8 bats
  7 endoplasms
  5 giant cockroaches
  4 goblins
  9 hobgoblins
  9 jackals
  13 kobolds
  A quokka (D:1)
  A frilled lizard (D:1)
  4 rats
  2 river rat simulacra (Lair:3)
340 creatures vanquished.

Vanquished Creatures (others)
  A wizard (D:5)
  5 dream sheep (D:9)
  28 fungi
  37 plants
71 creatures vanquished.

Grand Total: 411 creatures vanquished

Notes
Turn   | Place    | Note
-------+----------+-------------------------------------------
     0 | D:1      | Antichthon the Gargoyle Fighter began the quest for the
                  | Orb.
     0 | D:1      | Reached XP level 1. HP: 14/14 MP: 1/1
    83 | D:1      | Reached XP level 2. HP: 19/19 MP: 2/2
   847 | D:1      | Reached XP level 3. HP: 20/23 MP: 3/3
   982 | D:2      | Found a faded altar of an unknown god.
  1000 | D:2      | Reached skill level 1 in Invocations
  1270 | D:2      | Reached XP level 4. HP: 28/29 MP: 4/4
  2024 | D:3      | Reached skill level 1 in Dodging
  2076 | D:3      | Noticed a scorpion
  2088 | D:3      | Killed a scorpion
  2089 | D:3      | Reached skill level 3 in Maces & Flails
  2089 | D:3      | Reached XP level 5. HP: 33/33 MP: 6/6
  2147 | D:3      | Found a snail-covered altar of Cheibriados.
  2664 | D:4      | Found a blossoming altar of Fedhas.
  2684 | D:4      | Identified the +0 scale mail of Prudence {Dex+5}
  3001 | D:4      | Reached XP level 6. HP: 38/38 MP: 7/7
  3208 | D:5      | Entered Level 5 of the Dungeon
  3269 | D:5      | Reached skill level 4 in Maces & Flails
  3428 | D:5      | Reached XP level 7. HP: 43/43 MP: 8/8
  3728 | D:4      | Found a broken altar of Ashenzari.
  3932 | D:5      | Noticed Sigmund
  3950 | D:5      | Killed Sigmund
  3951 | D:5      | Reached skill level 5 in Maces & Flails
  3951 | D:5      | Reached skill level 5 in Shields
  4008 | D:5      | Reached XP level 8. HP: 47/48 MP: 10/10
  4061 | D:5      | Found a bloodstained altar of Trog.
  4062 | D:5      | Noticed a wizard
  4067 | D:5      | Killed a wizard
  4122 | D:5      | Noticed a troll
  4345 | D:5      | Killed a troll
  4346 | D:5      | Reached skill level 5 in Fighting
  4399 | D:5      | Reached skill level 5 in Armour
  4533 | D:6      | Reached skill level 6 in Maces & Flails
  4606 | D:6      | Found a burning altar of Makhleb.
  4729 | D:6      | Identified a scroll of acquirement
  4729 | D:6      | Acquired the +0 buckler "Tuyvelink" {+Blink Str-2 Slay+6}
  4770 | D:6      | Found a staircase to the Ecumenical Temple.
  4845 | D:6      | Noticed Eustachio
  4860 | D:6      | Killed Eustachio
  4861 | D:6      | Reached XP level 9. HP: 52/54 MP: 11/11
  4906 | D:6      | Noticed Edmund
  4920 | D:6      | Killed Edmund
  4980 | D:6      | Reached skill level 1 in Evocations
  5156 | D:6      | Noticed Menkaure
  5168 | D:6      | Killed Menkaure
  5169 | D:6      | Reached skill level 7 in Maces & Flails
  5319 | D:6      | Found a runed translucent door.
  5320 | D:6      | Noticed Crazy Yiuf
  5325 | D:6      | Killed Crazy Yiuf
  5834 | Temple   | Entered the Ecumenical Temple
  6244 | Temple   | Became a worshipper of the Shining One
  7029 | D:8      | Found an ancient bone altar of Kikubaaqudgha.
  7066 | D:8      | Reached skill level 8 in Maces & Flails
  7455 | D:8      | Noticed Maurice
  7463 | D:8      | Killed Maurice
  7464 | D:8      | Reached XP level 10. HP: 39/61 MP: 13/13
  8029 | D:9      | Noticed a gargoyle
  8038 | D:9      | Killed a gargoyle
  8118 | D:9      | Found a staircase to the Lair.
  8177 | D:9      | Reached skill level 5 in Invocations
  8379 | D:9      | Found a hazy altar of Hepliaklqana.
  8471 | D:9      | Found a sacrificial altar of Ru.
  8638 | D:9      | Found a shimmering altar of Xom.
  8685 | D:10     | Entered Level 10 of the Dungeon
  8747 | D:9      | Reached skill level 9 in Maces & Flails
  8766 | D:10     | Noticed Harold
  8767 | D:10     | Noticed a manticore
  8837 | D:10     | Killed a manticore
  8840 | D:10     | Noticed Josephine
  8840 | D:10     | Reached * piety under the Shining One
  8871 | D:10     | Killed Josephine
  8873 | D:10     | HP: 3/61 [orc priest/divine providence (11)]
  8877 | D:10     | Found a sparkling altar of Nemelex Xobeh.
  8931 | D:10     | Killed Harold
  8932 | D:10     | Reached XP level 11. HP: 32/67 MP: 15/15
  8952 | D:10     | HP: 2/67 [orc priest/divine providence (13)]
  8958 | D:10     | Reached skill level 10 in Maces & Flails
  8958 | D:10     | Noticed Grum
  8970 | D:10     | Killed Grum
  9042 | D:10     | Found Temasch Bero's General Store.
  9201 | D:10     | Found a staircase to the Orcish Mines.
  9611 | D:10     | Bought a potion of berserk rage for 65 gold pieces
  9701 | Lair:1   | Entered Level 1 of the Lair of Beasts
 10956 | Lair:2   | Reached skill level 11 in Maces & Flails
 11322 | Lair:2   | Reached XP level 12. HP: 75/75 MP: 16/16
 11553 | Lair:2   | Noticed Amaemon
 11553 | Lair:2   | Reached ** piety under the Shining One
 11598 | Lair:2   | Killed Amaemon
 11661 | Lair:2   | Found a staircase to the Shoals.
 12029 | Lair:3   | Reached skill level 12 in Maces & Flails
 12251 | Lair:3   | Reached skill level 5 in Dodging
 12479 | Lair:3   | Reached *** piety under the Shining One
 13129 | Lair:4   | Found a hole to the Spider Nest.
 13272 | Lair:4   | Found a runed translucent door.
 13288 | Lair:4   | Identified the +1 scale mail of Articulation {rC- rCorr
                  | SInv}
 13367 | Lair:4   | Found a shadowy altar of Dithmenos.
 14051 | Lair:4   | Reached skill level 5 in Evocations
 14069 | Lair:5   | Noticed a death yak
 14180 | Lair:5   | Noticed a death yak
 14180 | Lair:5   | Noticed a death yak
 14180 | Lair:5   | Noticed a death yak
 14180 | Lair:5   | Noticed a death yak
 14180 | Lair:5   | Noticed a death yak
 14191 | Lair:4   | Killed a death yak
 14348 | Lair:4   | Reached XP level 13. HP: 65/80 MP: 18/18
 14534 | Lair:5   | Reached skill level 13 in Maces & Flails
 15177 | Lair:5   | Found a staircase to the Slime Pits.
 15570 | Lair:6   | Entered Level 6 of the Lair of Beasts
 15617 | Lair:6   | Found a large runed translucent door.
 15617 | Lair:6   | Found a large runed translucent door.
 15627 | Lair:6   | Reached **** piety under the Shining One
 15664 | Lair:6   | Acquired 1036 gold pieces
 15749 | Lair:6   | Reached skill level 10 in Fighting
 15930 | Lair:5   | The Shining One protects you from harm!
 15931 | Lair:5   | Splashed with acid

Illustrated notes

Levels and vault maps discovered:
D:1:      roderic_octagonal_star, layout_basic, minmay_misc_feat_nine_boxes
D:2:      layout_rooms, nicolae_ecumenical_snake_handling
D:3:      layout_basic, slow_altar_2, minmay_misc_feat_enclosed
D:4:      kennysheep_six_static_rooms, layout_loops_cross,
          general_overflow_altar, mainiacjoe_overflow_tiny_flanked
D:5:      layout_loops_corners, trog_wizard, uniq_sigmund
D:6:      layout_loops_ring, mainiacjoe_overflow_alcove_1,
          minmay_temple_entry_antechambers, uniq_edmund, uniq_eustachio,
          uniq_crazy_yiuf_cottage, uniq_menkaure
D:7:      layout_basic
D:8:      layout_loops_corners, mainiacjoe_overflow_catwalk,
          chequers_serial_rivers_room_b, uniq_maurice
D:9:      layout_loops_ring, kb_xom_exploding_sheep,
          mainiacjoe_overflow_alcove_4, nzn_hepliaklqana_mist_gate,
          lair_entry_dummy
D:10:     layout_small_grid, nemelex_spade_bored_becter, david_orc_2,
          serial_shops, shop, uniq_josephine, uniq_harold, uniq_grum
Temple:   minmay_temple_forest_path
Lair:1:   layout_layer_cave, grunt_forest_small_clearing_treed,
          grunt_megastairs_4, lemuel_fruit_fields
Lair:2:   layout_long_grid, elwin_shoals_entry_rocks, uniq_amaemon
Lair:3:   layout_layer_cave, eino_house_with_fridge
Lair:4:   dreamdust_labyrinth, layout_loops_ring, spider_nest_entry_webs,
          lemuel_oklob_altar, serial_bayou_shore_a, grunt_megastairs_1,
          serial_bayou_shore_b, lemuel_fruit_tree, serial_bayou_shore_b
Lair:5:   layout_gridlike, minmay_slime_entry_oklob_enclosed,
          lemuel_fruit_fields
Lair:6:   cheibrodos_lair_end_hotspot, layout_concentric_octagons

Skill      XL: |  1  2  3  4  5  6  7  8  9 10 11 12 13 |
---------------+----------------------------------------+-----
Invocations    | 1 2 3 4 5 6 7 |  7.8
Dodging        | 1 2 3 4 5 |  5.6
Maces & Flails | 3 4 5 6 8 9 11 12 13 | 13.6
Shields        | 4 5 6 7 8 9 |  9.1
Armour         | 4 5 6 7 8 9 |  9.8
Fighting       | 4 5 6 7 8 9 10 | 10.0
Evocations     | 2 3 4 5 |  5.5

Action                   |  1- 3 |  4- 6 |  7- 9 | 10-12 | 13-15 || total
-------------------------+-------+-------+-------+-------+-------++-------
Melee: Flail             |   104 |   163 |   130 |       |       ||   397
       Morningstar       |       |       |   190 |   571 |   187 ||   948
Evoke: Wand              |       |       |     2 |     7 |       ||     9
  Use: Scroll            |     6 |     6 |     4 |     8 |     5 ||    29
       Potion            |       |       |     1 |    19 |     3 ||    23
Armor: Scale mail        |    73 |    83 |   173 |    30 |       ||   359
       Plate armour      |       |       |       |   561 |   217 ||   778
Dodge: Dodged            |    57 |    62 |   136 |   227 |    69 ||   551
Block: Buckler           |    26 |       |    52 |   193 |    63 ||   334
       Kite shield       |     8 |    95 |    84 |       |       ||   187

Table legend: (Time is in decaauts)
 A = Elapsed time spent in this place.
 B = Non-inter-level travel time spent in this place.
 C = Inter-level travel time spent in this place.
 D = Time resting spent in this place.
 E = Time spent auto-exploring this place.
 F = Levels seen in this place.
 G = Mean time per level.
                   A        B        C        D        E       F      G
               +--------+--------+--------+--------+--------+-----+--------+
         Total |  16128 |  15394 |    734 |    777 |  10997 |  17 |  948.7 |
       Dungeon |   9484 |   9014 |    470 |    225 |   6563 |  10 |  948.4 |
        Temple |    445 |    393 |     52 |      0 |    381 |   1 |  445.0 |
          Lair |   6198 |   5987 |    211 |    552 |   4053 |   6 | 1033.0 |
               +--------+--------+--------+--------+--------+-----+--------+

Top non-repeatable levels by time:
  Lair:4: 1386 daAuts
  Lair:3: 1307 daAuts
  Lair:5: 1252 daAuts
  Lair:1: 1126 daAuts
     D:8: 1040 daAuts
     D:5: 1003 daAuts
     D:3: 1002 daAuts
     D:1: 987 daAuts
     D:9: 972 daAuts
    D:10: 964 daAuts
  Lair:2: 953 daAuts
     D:6: 927 daAuts
     D:4: 923 daAuts
     D:7: 923 daAuts
     D:2: 739 daAuts
